 Dungeon Crawl Stone Soup version 0.29.1-2-gbd0b4ee654 (webtiles) character file.

Game seed: 8206397929496430925

1103 KittyFluff the Cudgeller (level 8, 0/48 HPs)
             Began as a Gargoyle Berserker on Nov 25, 2022.
             Was a Believer of Trog.
             Slain by an orc warrior
             ... wielding a +0 scimitar
              (13 damage)
             ... on level 6 of the Dungeon.
             The game lasted 00:23:11 (6353 turns).

KittyFluff the Cudgeller (Gargoyle Berserker)       Turns: 6353, Time: 00:23:12

Health: 0/48       AC: 13    Str: 20    XL:     8   Next: 32%
Magic:  8/8        EV: 12    Int:  9    God:    Trog [**....]
Gold:   317        SH:  0    Dex: 11    Spells: 7/7 levels left

rFire   . . .      SeeInvis .   d - +0 quarterstaff
rCold   . . .      Faith    .   (shield currently unavailable)
rNeg    + . .      Spirit   .   u - +0 leather armour
rPois   ∞          Reflect  .   (no helmet)
rElec   +          Harm     .   f - +0 cloak
rCorr   .          Rampage  .   i - +1 pair of gloves
Will    .....                   j - +0 pair of boots
Stlth   ++........              (no amulet)
HPRegen 0.16/turn               (no ring)
MPRegen 0.11/turn               (no ring)

@: no status effects
A: sickness immunity, AC +5, negative energy resistance 1, electricity
resistance, torment resistance 1, petrification resistance
a: Renounce Religion, Berserk, Trog's Hand


You were on level 6 of the Dungeon.
You worshipped Trog.
Trog was pleased with you.
You visited 1 branch of the dungeon, and saw 6 of its levels.

You collected 317 gold pieces.

Inventory:

Hand Weapons
 d - a +0 quarterstaff (weapon)
 w - a +1 mace of draining
Armour
 e - a scarf of shadows
 f - a +0 cloak (worn)
 i - a +1 pair of gloves (worn)
 j - a +0 pair of boots (worn)
 u - a +0 leather armour (worn)
Jewellery
 r - a ring of ice
Wands
 v - a wand of mindburst (10)
Scrolls
 c - 4 scrolls of fear {unknown}
 k - 2 scrolls of poison {unknown}
 n - 2 scrolls of noise {unknown}
 o - 2 scrolls of teleportation {unknown}
 p - a scroll of enchant armour {unknown}
 q - a scroll of enchant weapon {unknown}
 t - a scroll of vulnerability {unknown}
Potions
 b - 2 potions of heal wounds
 g - 3 potions of curing
 h - 2 potions of ambrosia
 l - a potion of magic
 m - 4 potions of attraction
 s - a potion of resistance


   Skills:
 + Level 4.8 Fighting
 + Level 5.5(6.5) Maces & Flails
 * Level 5.2(6.3) Staves
 * Level 4.7 Armour
 + Level 2.7 Dodging
 + Level 2.5 Stealth


You had 7 spell levels left.
You didn't know any spells.
Your spell library contained the following spells:

 Spells                   Type           Power      Damage    Failure   Level
 Beastly Appendage        Tmut           0%         N/A       43%         1
 Passwall                 Tmut/Erth      0%         N/A       56%         2
 Alistair's Intoxication  Tmut/Pois      0%         N/A       100%        5


Dungeon Overview and Level Annotations

Branches:
Dungeon (6/15)             Temple (0/1) D:5

Altars:
Cheibriados
Makhleb
Uskayaw
Wu Jian
The Shining One


Innate Abilities, Weirdness & Mutations

You are immune to sickness and miasma.
Your stone body is resilient. (AC +5)
You are immune to poison.
You resist negative energy. (rN+)
You are resistant to electric shocks. (rElec)
You are resistant to unholy torment.
You are immune to petrification.


Message History

You hit the necrophage but do no damage.
The necrophage is moderately damaged.
The necrophage misses you.
You sock the necrophage!
The necrophage is heavily damaged.
The necrophage closely misses you.
You hit the necrophage.
The necrophage is heavily damaged.
The necrophage hits you.
You sock the necrophage!
The necrophage is severely damaged.
The necrophage hits you but does no damage.
You barely miss the necrophage.
The necrophage is severely damaged.
The necrophage hits you but does no damage.
You hit the necrophage.
The necrophage is almost destroyed.
The necrophage hits you but does no damage.
You barely miss the necrophage.
The necrophage is almost destroyed.
The necrophage barely misses you.
You barely miss the necrophage.
The necrophage is almost destroyed.
The necrophage hits you but does no damage.
You hit the necrophage.
You destroy the necrophage!
Trog accepts your kill.
Your base Staves skill increases to level 5!
You see here a necrophage corpse.
You completely miss the orc warrior.
The orc warrior hits you with a +0 scimitar!
An orc wizard comes into view. It is wielding a +0 dagger.
The orc wizard shouts!
You hit the orc warrior but do no damage.
The orc warrior hits you with a +0 scimitar!!
* * * LOW HITPOINT WARNING * * *
You hit the orc warrior.
The orc warrior is moderately wounded.
The orc warrior hits you with a +0 scimitar!
You die...

#.........#..##.............
#............##.............
#.........#..........#......
#####.##..#.###......#......
#.##..#.# ...#.#......
#.#>....# ... .....<..
#.#.##..###### ...#...# #.
#.....# #. ##@##...# #o# ..#
#.# .# ... #.# .. ... #.# .
.... ..# .... o.. #... ..#
.# ... .. # #.


You could see an orc warrior and an orc wizard.

Vanquished Creatures
  An orc warrior (D:6)
  A black bear (D:5)
  2 ogres
  A bullfrog (D:6)
  3 necrophages
  A scorpion (D:5)
  A jelly (D:6)
  An orc priest (D:6)
  2 orc wizards (D:6)
  3 iguanas (D:6)
  8 adders
  4 gnolls (D:5)
  A white imp (D:5)
  An ufetubus (D:6)
  2 worms
  2 dart slugs (D:1)
  20 orcs
  5 bats
  5 endoplasms
  3 giant cockroaches
  10 goblins
  3 hobgoblins
  8 jackals
  6 kobolds
  4 quokkas
  5 ball pythons
  2 frilled lizards
  6 rats
111 creatures vanquished.

Vanquished Creatures (others)
  6 fungi (D:2)
  5 plants (D:2)
11 creatures vanquished.

Grand Total: 122 creatures vanquished

Notes
Turn   | Place    | Note
-------+----------+-------------------------------------------
     0 | D:1      | KittyFluff the Gargoyle Berserker began the quest for the
                  | Orb.
     0 | D:1      | Reached XP level 1. HP: 14/14 MP: 1/1
   203 | D:1      | Reached XP level 2. HP: 16/19 MP: 2/2
   619 | D:1      | Reached XP level 3. HP: 5/24 MP: 3/3
  1560 | D:2      | Reached ** piety under Trog
  1597 | D:2      | Found a faded altar of an unknown god.
  1787 | D:2      | You fall into a shaft and drop 2 floors!
  1999 | D:3      | Found a burning altar of Makhleb.
  2075 | D:2      | Reached XP level 4. HP: 27/29 MP: 4/4
  3005 | D:4      | Noticed an ogre
  3012 | D:4      | Killed an ogre
  3013 | D:4      | Reached skill level 1 in Stealth
  3013 | D:4      | Reached XP level 5. HP: 15/33 MP: 5/5
  3343 | D:4      | Reached XP level 6. HP: 28/38 MP: 6/6
  3588 | D:4      | Found a snail-covered altar of Cheibriados.
  4181 | D:5      | Entered Level 5 of the Dungeon
  4403 | D:5      | Reached skill level 5 in Maces & Flails
  4554 | D:5      | Reached XP level 7. HP: 37/44 MP: 7/7
  4565 | D:5      | Reached skill level 1 in Staves
  4630 | D:5      | Found an ornate altar of the Wu Jian Council.
  4647 | D:5      | Found a staircase to the Ecumenical Temple.
  4982 | D:5      | Got the Tome of Sculpting
  5055 | D:6      | Found a glowing golden altar of the Shining One.
  5656 | D:6      | Reached XP level 8. HP: 12/48 MP: 8/8
  6116 | D:6      | Found a hide-covered altar of Uskayaw.
  6350 | D:6      | Reached skill level 5 in Staves
  6353 | D:6      | Slain by an orc warrior

Illustrated notes

Levels and vault maps discovered:
D:1:      dpeg_arrival_brainrot, layout_basic
D:2:      wad_crossroads, layout_loops_ring,
          shapermc_ecumenical_altar_mp_urbaneastern
D:3:      layout_basic, bloody_makhleb, mainiacjoe_overflow_brackets,
          nicolae_underground_beach
D:4:      layout_basic, mainiacjoe_overflow_six_doors_small, moated_statue,
          chequers_mini_garden
D:5:      layout_cave_pools, lemuel_doored_altar, minmay_temple_entry_tees,
          roderic_nine_men_s_morris, st_stairs_9, roderic_serpentine_path
D:6:      layout_rooms, nicolae_uskayaw_suspiria, tso_metal_star

Skill      XL: |  1  2  3  4  5  6  7  8 |
---------------+-------------------------+-----
Armour         | 3 4 |  4.7
Fighting       | 4 |  4.8
Maces & Flails | 4 5 |  5.5
Dodging        | 2 |  2.7
Stealth        | 1 2 |  2.5
Staves         | 4 5 |  5.2

Action                   |  1- 3 |  4- 6 |  7- 9 || total
-------------------------+-------+-------+-------++-------
Melee: Mace              |   136 |    91 |       ||   227
       Quarterstaff      |       |    32 |   186 ||   218
       Punch             |       |     1 |       ||     1
Invok: Berserk           |       |     2 |     2 ||     4
  Use: Scroll            |       |     6 |     1 ||     7
 Stab: Sleeping          |     2 |     1 |       ||     3
       Distracted        |       |       |     1 ||     1
Armor: Animal skin       |    53 |    26 |       ||    79
       Leather armour    |       |    31 |    80 ||   111
Dodge: Dodged            |    90 |    69 |   109 ||   268
